 Dungeon Crawl Stone Soup version 0.22.0-49-gab54619 (webtiles) character file.

7939 Lavandula the Cleaver (level 11, -22/95 HPs)
             Began as a Centaur Berserker on Sept 6, 2018.
             Was an Elder of Trog.
             Hit by a large rock thrown by a cyclops (41 damage)
             ... on level 11 of the Dungeon.
             The game lasted 00:32:30 (6041 turns).

Lavandula the Cleaver (Centaur Berserker)           Turns: 6041, Time: 00:32:30

Health: -22/95     AC: 11    Str: 23    XL:     11   Next: 3%
Magic:  13/13      EV:  9    Int:  6    God:    Trog [****..]
Gold:   414        SH:  4    Dex:  9    Spells: 10/10 levels left

rFire    . . .     SeeInvis .   e - +0 war axe
rCold    . . .     Gourm    .   h - +0 buckler
rNeg     . . .     Faith    .   L - +3 ring mail
rPois    .         Spirit   .   (no helmet)
rElec    .         Reflect  .   m - +0 cloak
rCorr    .         Harm     .   x - +0 pair of gloves
MR       .....                  (no barding)
Stlth    ..........             (no amulet)
HPRegen  0.25/turn              (no ring)
MPRegen  0.13/turn              (no ring)

@: berserk cooldown, slowed
A: large, hooves 3, deformed body, speed 2, tough skin 3
a: Berserk, Trog's Hand, Brothers in Arms, Renounce Religion


You were on level 11 of the Dungeon.
You worshipped Trog.
Trog was greatly pleased with you.
You were not hungry.

You visited 1 branch of the dungeon, and saw 12 of its levels.
You also visited: Bailey.

You collected 504 gold pieces.
You spent 90 gold pieces at shops.

Inventory:

Hand Weapons
 a - a +0 hand axe
 e - a +0 war axe (weapon)
 l - a +2 quarterstaff of chaos
 r - a +0 spear
 B - a +1 flail of protection
 K - a cursed -2 trident
Missiles
 u - 5 javelins of returning (quivered)
 C - 3 curare-tipped needles
 P - a javelin
Armour
 b - a +0 animal skin
 h - a +0 buckler (worn)
 m - a +0 cloak (worn)
 x - a +0 pair of gloves (worn)
 L - a +3 ring mail (worn)
Jewellery
 E - an uncursed ring of ice
 F - an uncursed ring of fire
 G - the ring "Ygurur" {*Tele rElec rN+ Dex-4}
   (You found it on level 7 of the Dungeon)

   [ring of teleportation]

   It may teleport you next to monsters.
   It affects your dexterity (-4).
   It insulates you from electricity.
   It protects you from negative energy.
 O - an uncursed ring of fire
Wands
 v - a wand of iceblast (3)
 z - a wand of flame (29)
Scrolls
 d - a scroll of summoning
 g - a scroll of fog {unknown}
 j - 5 scrolls of remove curse
 o - 2 scrolls of teleportation
 q - 2 scrolls of blinking
 y - a scroll of acquirement {unknown}
 D - a scroll of amnesia {unknown}
 H - 4 scrolls of enchant armour {unknown}
 J - 5 scrolls of enchant weapon {unknown}
Potions
 f - 2 potions of lignification
 i - 3 potions of berserk rage {unknown}
 k - a potion of ambrosia {unknown}
 n - 3 potions of might {unknown}
 p - 11 potions of curing
 s - 2 potions of brilliance {unknown}
 t - a potion of resistance {unknown}
 w - 5 potions of flight
 A - 2 potions of invisibility {unknown}
 I - a potion of degeneration {unknown}
 M - 3 potions of mutation
Comestibles
 c - 15 rations
 N - a chunk of flesh


   Skills:
 - Level 8.9 Fighting
 - Level 11.7 Axes
 - Level 3.0 Throwing
 + Level 4.2 Armour
 - Level 1.3 Dodging
 - Level 2.4 Shields
 - Level 3.1 Evocations


You had 10 spell levels left.
You didn't know any spells.
Your spell library contained the following spells:

 Spells                   Type           Power        Failure   Level  Hunger
 Summon Small Mammal      Summ           #...         58%         1    ##.....
 Call Imp                 Summ           #.......     75%         2    ###....
 Call Canine Familiar     Summ           #.......     92%         3    ####...
 Summon Guardian Golem    Hex/Summ       #.......     92%         3    ####...
 Summon Ice Beast         Ice/Summ       #.......     100%        4    #####..
 Summon Lightning Spire   Summ/Air       #.......     100%        4    #####..


Dungeon Overview and Level Annotations

Branches:
Dungeon (12/15)            Temple (0/1) D:6
   Lair: D:8-11         Orc: D:9-12

Altars:
Gozag
Makhleb
Qazlal
Trog
Xom
Zin

Annotations:
D:2 Natasha
D:6 exclusion: downstairs


Innate Abilities, Weirdness & Mutations

You have hooves in place of feet.
Armour fits poorly on your strangely shaped body.
You cover ground very quickly.
You have extremely tough skin. (AC +3)


Message History

You eat one of the 2 chunks of flesh.
This raw flesh tastes terrible.
You feel your anger nearly subside.
You are no longer berserk.
You are exhausted.
You feel yourself slow down.
You see here a yak corpse.
P - a javelin
There is a stone staircase leading down here.
You climb downwards.
A cyclops comes into view.
The cyclops throws a large rock.
The large rock hits you!
The cyclops throws a large rock.
The large rock hits you!!
* * * LOW HITPOINT WARNING * * *
Found a robe.
There is a stone staircase leading up, spattered with blood here.
You see here 2 large rocks.
Unknown command.
Okay, then.
The cyclops throws a large rock.
The large rock hits you!!!
You die...

****** **+*****
*,......### *,*
**####.** * *,* #,* *
*,*** **,* * *,,,* *,,*
* ***,* *****,**** *
###+#### *,,,,,,,,* *
#.[....# ***,,,,,,,,*
**
#.C...@#***,,,,,,,...##
,*
#......#,,,,*,,,,,.....
,*
#......+,****,,,,,...##
,* #......#**
*,,,,,,,,* ,* #......#
*****,**** ,*
**##+##### *,,* ,*
*,,,,* *,** # ,**
*,**** ****+**** # ,,*
*,* *,,,,,,,* #


You could see a cyclops.

Vanquished Creatures
  3 orc knights (Bailey)
  A cyclops (D:11)
  The ghost of jools the Cudgeler, a novice MiBe of Trog (D:4)
  A komodo dragon (D:10)
  A hippogriff (D:10)
  Sigmund (D:6)
  3 yaks (D:10)
  Menkaure (D:5)
  8 orc warriors
  A porcupine (D:8)
  A sky beast (D:9)
  3 ice beasts
  A phantom (D:5)
  An ogre (D:8)
  3 centaurs
  2 big kobolds
  6 bullfrogs
  3 scorpions
  A wyvern skeleton (D:8)
  10 killer bees
  2 howler monkeys
  4 crimson imps
  A bullfrog zombie (D:5)
  A gnoll shaman (D:6)
  5 hounds
  A jelly (D:10)
  Crazy Yiuf (D:2)
  6 orc priests
  6 orc wizards
  3 iguanas
  Natasha (twice) (D:2)
  7 worker ants
  A bullfrog simulacrum (D:4)
  A centaur simulacrum (D:4)
  A hound skeleton (D:4)
  5 gnolls (D:6)
  A howler monkey skeleton (D:10)
  9 adders
  2 shadow imps
  A white imp (D:4)
  A worker ant simulacrum (D:4)
  An adder skeleton (D:4)
  2 adder zombies
  2 worms (D:2)
  A dart slug (D:2)
  An adder simulacrum (D:4)
  4 leopard geckos
  43 orcs
  4 bats
  2 giant cockroaches
  A hobgoblin (D:2)
  18 jackals
  16 kobolds
  4 quokkas
  2 frilled lizards
  6 goblins
  A jackal skeleton (D:9)
  A leopard gecko skeleton (D:4)
  A quokka simulacrum (D:4)
  A quokka skeleton (D:4)
  7 rats
231 creatures vanquished.

Vanquished Creatures (collateral kills)
  2 orc knights (Bailey)
  An orc warrior (Bailey)
3 creatures vanquished.

Vanquished Creatures (others)
  17 fungi (D:8)
  3 plants (D:8)
20 creatures vanquished.

Grand Total: 254 creatures vanquished

Notes
Turn   | Place    | Note
-------+----------+-------------------------------------------
     0 | D:1      | Lavandula the Centaur Berserker began the quest for the
                  | Orb.
     0 | D:1      | Reached XP level 1. HP: 19/19 MP: 1/1
     7 | D:1      | Reached skill level 3 in Axes
    48 | D:2      | Reached XP level 2. HP: 25/26 MP: 2/2
   228 | D:2      | Reached XP level 3. HP: 17/31 MP: 3/3
   272 | D:2      | Reached skill level 4 in Axes
   277 | D:2      | Reached ** piety under Trog
   399 | D:2      | Noticed Natasha
   405 | D:2      | Killed Natasha
   405 | D:2      | Reached XP level 4. HP: 12/38 MP: 4/4
   470 | D:2      | Noticed Natasha
   481 | D:2      | Killed Natasha
   481 | D:2      | Reached skill level 5 in Axes
   533 | D:2      | Noticed Natasha
   632 | D:2      | Found a runed door.
   636 | D:2      | Noticed Crazy Yiuf
   644 | D:2      | Killed Crazy Yiuf
   644 | D:2      | Reached XP level 5. HP: 34/45 MP: 5/5
   725 | D:5      | Entered Level 5 of the Dungeon
   903 | D:3      | Found a bloodstained altar of Trog.
  1052 | D:3      | Found a stormy altar of Qazlal.
  1344 | D:4      | Reached skill level 6 in Axes
  1639 | D:4      | Reached XP level 6. HP: 20/51 MP: 6/6
  1663 | D:4      | Noticed jools's ghost (novice MiBe)
  1684 | D:4      | Found a runed gate.
  1684 | D:4      | Found a runed gate.
  1684 | D:4      | Found a runed gate.
  1826 | D:5      | Noticed Menkaure
  1838 | D:5      | Killed Menkaure
  1838 | D:5      | Reached skill level 7 in Axes
  1844 | D:5      | Reached XP level 7. HP: 36/57 MP: 7/7
  2236 | D:5      | Reached *** piety under Trog
  2325 | D:5      | Reached skill level 8 in Axes
  2385 | D:6      | Noticed Sigmund
  2414 | D:6      | Killed Sigmund
  2414 | D:6      | Reached skill level 9 in Axes
  2414 | D:6      | Reached XP level 8. HP: 58/63 MP: 8/8
  2624 | D:6      | Reached skill level 1 in Evocations
  2785 | D:6      | Found a staircase to the Ecumenical Temple.
  2871 | D:7      | Reached skill level 1 in Throwing
  2980 | D:8      | Found a shimmering altar of Xom.
  2985 | D:8      | Found Zin's Purification Station.
  2989 | D:8      | Found a glowing silver altar of Zin.
  3017 | D:8      | Bought a potion of curing for 90 gold pieces
  3121 | D:7      | Found an opulent altar of Gozag.
  3481 | D:4      | Killed jools's ghost
  3481 | D:4      | Reached skill level 10 in Axes
  3481 | D:4      | Reached XP level 9. HP: 72/72 MP: 11/11
  3704 | D:7      | Got a faintly glowing amber ring
  3705 | D:7      | Identified the ring "Ygurur" {*Tele rElec rN+ Dex-4} (You
                  | found it on level 7 of the Dungeon)
  3827 | D:8      | Reached **** piety under Trog
  3827 | D:8      | Received a gift from Trog
  3966 | D:8      | Reached skill level 11 in Axes
  4002 | D:8      | Found a burning altar of Makhleb.
  4455 | D:10     | Entered Level 10 of the Dungeon
  4638 | D:10     | Reached skill level 1 in Shields
  4663 | D:10     | Noticed a komodo dragon
  4679 | D:10     | Killed a komodo dragon
  4841 | D:11     | Found a flagged portal.
  4850 | Bailey   | Entered a bailey
  4862 | Bailey   | Reached XP level 10. HP: 71/80 MP: 12/12
  4941 | Bailey   | Reached skill level 5 in Fighting
  5094 | Bailey   | Noticed an orc knight
  5095 | Bailey   | Noticed an orc knight
  5098 | Bailey   | Killed an orc knight
  5100 | Bailey   | Killed an orc knight
  5179 | Bailey   | Noticed an orc knight
  5242 | Bailey   | Killed an orc knight
  5279 | Bailey   | Noticed an orc knight
  5279 | Bailey   | Noticed an orc knight
  5303 | Bailey   | Killed an orc knight
  5304 | Bailey   | Killed an orc knight
  5422 | D:11     | Noticed a cyclops
  5439 | D:11     | Killed a cyclops
  5499 | D:11     | Noticed a cyclops
  6019 | D:10     | Reached XP level 11. HP: 94/95 MP: 13/13
  6020 | D:10     | Received a gift from Trog
  6041 | D:11     | Hit by a large rock thrown by a cyclops

Skill      XL: |  1  2  3  4  5  6  7  8  9 10 |
---------------+-------------------------------+-----
Axes           | 3 4 5 6 7 9 10 11 | 11.7
Evocations     | 3 |  3.1
Throwing       | 3 |  3.0
Fighting       | 4 8 |  8.9
Shields        | 2 |  2.4
Armour         | 4 |  4.2
Dodging        | |  1.3

Action                   |  1- 3 |  4- 6 |  7- 9 | 10-12 || total
-------------------------+-------+-------+-------+-------++-------
Melee: Hand axe          |    61 |   105 |   323 |     6 ||   495
       Kick              |    11 |    14 |    69 |    23 ||   117
       War axe           |       |       |       |    81 ||    81
       Spear             |       |       |       |     4 ||     4
Throw: Javelin           |       |       |    47 |    20 ||    67
       Tomahawk          |       |       |       |     5 ||     5
Invok: Berserk           |     3 |     6 |    17 |     6 ||    32
       Trog's Hand       |       |     1 |     5 |     2 ||     8
       Brothers in Arms  |       |       |       |     2 ||     2
Evoke: Wand              |       |       |     1 |     1 ||     2
  Use: Scroll            |       |     2 |    10 |     1 ||    13
       Potion            |       |       |     2 |       ||     2
  Eat: Chunk             |       |    10 |    16 |    11 ||    37
       Ration            |       |       |     3 |       ||     3
Armor: Animal skin       |     5 |       |       |       ||     5
       Ring mail         |    31 |    54 |   116 |    40 ||   241
Dodge: Dodged            |    39 |    52 |   134 |    44 ||   269
Block: Buckler           |       |       |       |    24 ||    24
